 Dungeon Crawl Stone Soup version 0.20.1-1-g8b1a95d (webtiles) character file.

10636 tmwrnj the Cleaver (level 11, 0/99 HPs)
             Began as a Hill Orc Fighter on Sept 30, 2017.
             Was an Elder of Beogh.
             Slain by a white ugly thing (27 damage)
             ... in an ice cave.
             The game lasted 00:35:30 (13303 turns).

tmwrnj the Cleaver (Hill Orc Fighter)              Turns: 13303, Time: 00:35:30

Health: 0/99       AC: 16    Str: 21    XL:     11   Next: 65%
Magic:  11/11      EV: 10    Int:  8    God:    Beogh [****..]
Gold:   356        SH: 12    Dex: 12    Spells: 10/10 levels left

rFire    + . .     SeeInvis .   a - +0 war axe
rCold    . . .     Gourm    .   c - +0 shield
rNeg     . . .     Faith    .   K - +3 scale mail
rPois    .         Spirit   .   F - +0 helmet
rElec    .         Reflect  .   Y - +0 cloak
rCorr    .         Harm     .   (no gloves)
MR       .....                  (no boots)
Stlth    ..........             (no amulet)
Regen    0.3/turn               g - ring of protection from fire
MPRegen  0.2/turn               x - +2 ring of protection

@: no status effects
A: no striking features
a: Smiting, Recall Orcish Followers, Renounce Religion


You were in an ice cave.
You worshipped Beogh.
Beogh was greatly pleased with you.
You were not hungry.

You visited 1 branch of the dungeon, and saw 11 of its levels.
You also visited: Ice Cave.

You collected 550 gold pieces.
You spent 194 gold pieces at shops.

Inventory:

Hand Weapons
 a - a +0 war axe (weapon)
Armour
 c - a +0 shield (worn)
 y - a +0 plate armour
 F - a +0 helmet (worn)
 K - a +3 scale mail (worn)
 Y - a +0 cloak (worn)
Jewellery
 g - a ring of protection from fire (left hand)
 o - an uncursed ring of loudness
 x - a +2 ring of protection (right hand)
 M - an uncursed ring of wizardry
 T - an uncursed amulet of magic regeneration
 V - a +3 ring of evasion {unknown}
Wands
 P - a wand of disintegration (9/24)
 R - a wand of scattershot (7/9)
 S - a wand of lightning (3/15)
 W - a wand of paralysis (16/24)
 X - a wand of lightning (6/15)
Scrolls
 e - 4 scrolls of amnesia
 i - 6 scrolls of recharging
 k - 5 scrolls of immolation
 l - 3 scrolls of identify
 m - 3 scrolls of enchant armour {unknown}
 n - 6 scrolls of remove curse
 t - 2 scrolls of blinking {unknown}
 A - 4 scrolls of enchant weapon
 B - a scroll of brand weapon {unknown}
 C - a scroll of summoning {unknown}
 D - 3 scrolls of teleportation {unknown}
 G - a scroll of magic mapping {unknown}
Potions
 b - 3 potions of cancellation
 d - 2 potions of might
 h - 2 potions of brilliance {unknown}
 p - 3 potions of agility
 q - 4 potions of degeneration {unknown}
 s - a potion of lignification {unknown}
 u - 4 potions of haste
 v - 4 potions of heal wounds
 z - a potion of resistance {unknown}
 E - 2 potions of curing
 I - a potion of invisibility {unknown}
 J - a potion of berserk rage {unknown}
 O - a potion of mutation {unknown}
Books
 r - a book of Power

   Spells                             Type                      Level
   a - Iskenderun's Battlesphere      Conjuration/Charms           5
   b - Venom Bolt                     Conjuration/Poison           5
   c - Bolt of Magma                  Conjuration/Fire/Earth       5
   d - Iron Shot                      Conjuration/Earth            6
   e - Orb of Destruction             Conjuration                  7
   f - Spellforged Servitor           Conjuration/Summoning        7
 w - a book of Maledictions

   Spells                             Type                      Level
   a - Corona                         Hexes                        1
   b - Ensorcelled Hibernation        Hexes/Ice                    2
   c - Confuse                        Hexes                        3
   d - Tukima's Dance                 Hexes                        3
   e - Dazzling Spray                 Conjuration/Hexes            3
 H - a book of Misfortune

   Spells                             Type                      Level
   a - Confusing Touch                Hexes                        1
   b - Confuse                        Hexes                        3
   c - Gell's Gravitas                Translocation                3
   d - Petrify                        Transmutation/Earth          4
   e - Metabolic Englaciation         Hexes/Ice                    5
   f - Yara's Violent Unravelling     Hexes/Transmutation          5
 N - a book of Geomancy

   Spells                             Type                      Level
   a - Sandblast                      Earth                        1
   b - Passwall                       Transmutation/Earth          2
   c - Stone Arrow                    Conjuration/Earth            3
   d - Petrify                        Transmutation/Earth          4
   e - Lee's Rapid Deconstruction     Earth                        5
 U - a book of Minor Magic

   Spells                             Type                      Level
   a - Magic Dart                     Conjuration                  1
   b - Blink                          Translocation                2
   c - Call Imp                       Summoning                    2
   d - Slow                           Hexes                        2
   e - Conjure Flame                  Conjuration/Fire             3
   f - Mephitic Cloud                 Conjuration/Poison/Air       3
Comestibles
 f - 7 bread rations
 j - 5 meat rations
 L - 3 royal jellies
 Q - a fruit


   Skills:
 + Level 9.7 Fighting
 + Level 13.9(14.0) Axes
   Level 2.1(8.1) Maces & Flails
 + Level 9.1 Armour
 + Level 3.1 Dodging
 + Level 1.1 Stealth
 + Level 9.6 Shields


You had 10 spell levels left.
You didn't know any spells.

Dungeon Overview and Level Annotations

Branches:
Dungeon (11/15)            Temple (0/1) D:6
   Lair: D:8-11         Orc: D:9-12

Altars:
Cheibriados
Fedhas
Gozag
Nemelex Xobeh
Qazlal
Sif Muna

Shops:
D:4 *   D:8 ?   D:10 ?

Annotations:
D:2 Sigmund
D:5 tmwrnj's ghost, novice HOFi
D:6 Feta's ghost, novice OpAs
D:10 Scroll of brand weapon in SW


Message History

You closely miss the white ugly thing.
The white ugly thing is heavily wounded.
The white ugly thing kicks you but does no damage.
Your scale mail prevents you from hitting the white ugly thing.
The white ugly thing is heavily wounded.
You block the white ugly thing's attack.
You hit the white ugly thing but do no damage.
The white ugly thing is heavily wounded.
You hit the white ugly thing but do no damage.
The white ugly thing is heavily wounded.
The white ugly thing kicks you but does no damage.
You slash the white ugly thing!
The white ugly thing is heavily wounded.
You block the white ugly thing's attack.
You barely miss the white ugly thing.
The white ugly thing is heavily wounded.
The white ugly thing kicks you!
* * * LOW HITPOINT WARNING * * *
The white ugly thing freezes you!!
You die...

.......
........
.......
...... ....
#####.#####
#....u..((#
#....@...!#
#[.......[#
#.........#
#.........#
##.......##
##.....##
###.###
##.....##
##.......##


You could see a white ugly thing.

Vanquished Creatures
  3 two-headed ogres (D:8)
  The ghost of Terandir the Thaumaturge, a novice DEEE of Sif Muna (D:9)
  Maurice (D:9)
  The ghost of tmwrnj the Chopper, a novice HOFi (D:4)
  A gargoyle (D:10)
  A centaur skeleton (D:11)
  A troll (D:9)
  A hornet (D:9)
  A hippogriff (D:9)
  4 hogs (D:7)
  A human (D:7)
  A steam dragon (D:8)
  Eustachio (D:6)
  Menkaure (D:5)
  Edmund (D:6)
  Duvessa (D:5)
  3 orc warriors
  A water moccasin (D:9)
  7 ice beasts
  An eye of draining (D:11)
  4 sky beasts
  3 ogres
  4 centaurs
  Blork the orc (D:6)
  A big kobold (D:8)
  4 bullfrogs
  4 scorpions
  Dowan (D:5)
  11 killer bees (D:8)
  An electric eel (D:11)
  2 howler monkeys
  6 crimson imps
  5 hounds
  2 quasits
  3 jellies
  An orc priest (D:7)
  2 gnoll shamans (D:6)
  7 orc wizards
  Ijyb (D:5)
  3 iguanas
  3 worker ants
  A hound zombie (D:8)
  A hound skeleton (D:10)
  15 gnolls
  15 adders
  2 shadow imps (D:6)
  An ooze (D:4)
  An adder zombie (D:6)
  3 worms
  3 dart slugs
  8 leopard geckos
  25 orcs
  3 giant cockroaches
  6 goblins
  9 hobgoblins
  12 jackals
  7 quokkas
  2 ball pythons
  7 bats
  5 frilled lizards
  14 kobolds
  2 quokka zombies
  8 rats
252 creatures vanquished.

Vanquished Creatures (collateral kills)
  2 rime drakes (D:11)
  A centaur (D:10)
  A big kobold (D:10)
  A scorpion (D:11)
  A killer bee (D:9)
  A worker ant (D:11)
  A kobold (D:10)
8 creatures vanquished.

Vanquished Creatures (others)
  An orc priest (D:6)
  An orc wizard (D:6)
  3 orcs (D:6)
5 creatures vanquished.

Grand Total: 265 creatures vanquished

Notes
Turn   | Place    | Note
-------+----------+-------------------------------------------
     0 | D:1      | tmwrnj the Hill Orc Fighter began the quest for the Orb.
     0 | D:1      | Reached XP level 1. HP: 19/19 MP: 1/1
   154 | D:1      | Noticed a troll
   251 | D:1      | Reached XP level 2. HP: 21/26 MP: 2/2
   333 | D:1      | Reached skill level 3 in Axes
   765 | D:1      | Reached XP level 3. HP: 28/33 MP: 3/3
  1428 | D:2      | Noticed Sigmund
  1514 | D:2      | Reached XP level 4. HP: 35/40 MP: 4/4
  1637 | D:2      | Reached skill level 4 in Axes
  2331 | D:3      | Reached XP level 5. HP: 25/46 MP: 5/5
  2819 | D:3      | Found a snail-covered altar of Cheibriados.
  3156 | D:4      | Reached skill level 5 in Axes
  3323 | D:4      | Noticed tmwrnj's ghost (novice HOFi)
  3361 | D:5      | Entered Level 5 of the Dungeon
  3381 | D:5      | Noticed Menkaure
  3381 | D:5      | Noticed an ogre
  3452 | D:5      | Noticed Dowan
  3469 | D:5      | Killed Dowan
  3469 | D:5      | Reached XP level 6. HP: 52/53 MP: 6/6
  3496 | D:5      | Noticed Duvessa
  3895 | D:4      | Killed tmwrnj's ghost
  3895 | D:4      | Reached skill level 5 in Fighting
  3895 | D:4      | Reached skill level 7 in Axes
  3895 | D:4      | Reached skill level 5 in Armour
  3895 | D:4      | Reached XP level 7. HP: 11/61 MP: 7/7
  4161 | D:4      | Found Hapovvim's Assorted Antiques.
  4164 | D:4      | Bought a scroll labeled ZAM FEXIGOOVY for 26 gold pieces
  4164 | D:4      | Bought a scroll labeled QUK JONEMU VASK for 26 gold pieces
  4164 | D:4      | Bought a scroll labeled ZUIXAG ETOUL for 26 gold pieces
  4164 | D:4      | Bought a scroll labeled ITZIUXK MILI for 26 gold pieces
  4339 | D:5      | Noticed Ijyb
  4359 | D:5      | Killed Ijyb
  4521 | D:5      | Found an opulent altar of Gozag.
  4572 | D:5      | Reached skill level 5 in Shields
  4655 | D:5      | Reached skill level 8 in Axes
  4655 | D:5      | Reached XP level 8. HP: 56/68 MP: 8/8
  4676 | D:5      | Killed Menkaure
  4886 | D:5      | Killed Duvessa
  5069 | D:5      | Reached skill level 1 in Maces & Flails
  5201 | D:5      | Noticed tmwrnj's ghost (novice HOFi)
  5277 | D:6      | Reached skill level 1 in Dodging
  5301 | D:6      | Noticed Edmund
  5328 | D:6      | Killed Edmund
  5394 | D:6      | Found a deep blue altar of Sif Muna.
  5400 | D:6      | Noticed Feta's ghost (novice OpAs)
  6232 | D:6      | Became a worshipper of Beogh the Brigand
  6268 | D:6      | Reached skill level 9 in Axes
  6584 | D:6      | Noticed Blork the orc
  6606 | D:6      | Killed Blork the orc
  6606 | D:6      | Reached XP level 9. HP: 51/75 MP: 9/9
  6914 | D:5      | HP: 3/78 [poisoned by Feta's ghost]
  6921 | D:5      | HP: 3/78 [poisoned by Feta's ghost]
  6929 | D:5      | HP: 3/78 [poisoned by Feta's ghost]
  7355 | D:6      | Reached skill level 10 in Axes
  7361 | D:6      | Found a staircase to the Ecumenical Temple.
  7362 | D:6      | Noticed Eustachio
  7417 | D:6      | Killed Eustachio
  7950 | D:6      | Reached * piety under Beogh
  8520 | D:7      | Found a sparkling altar of Nemelex Xobeh.
  8799 | D:7      | Reached skill level 11 in Axes
  8834 | D:7      | Reached XP level 10. HP: 61/88 MP: 10/10
  9029 | D:7      | Found a stormy altar of Qazlal.
  9460 | D:8      | Reached ** piety under Beogh
  9629 | D:8      | Noticed a two-headed ogre
  9698 | D:9      | Noticed Terandir's ghost (novice DEEE)
  9703 | D:9      | Reached skill level 12 in Axes
 10055 | D:8      | Noticed a two-headed ogre
 10056 | D:8      | Noticed a two-headed ogre
 10425 | D:8      | Killed a two-headed ogre
 10565 | D:8      | Killed a two-headed ogre
 10565 | D:8      | Reached skill level 1 in Stealth
 10671 | D:8      | Noticed a two-headed ogre
 10681 | D:8      | Killed a two-headed ogre
 10979 | D:8      | Reached XP level 11. HP: 68/95 MP: 11/11
 11291 | D:8      | Found Goanig Jaoq's Magic Scroll Emporium.
 11314 | D:8      | Bought a scroll of enchant weapon for 90 gold pieces
 11483 | D:9      | Killed Terandir's ghost
 11483 | D:9      | Reached skill level 13 in Axes
 11906 | D:9      | Found a blossoming altar of Fedhas.
 12034 | D:9      | Reached *** piety under Beogh
 12165 | D:9      | Noticed Maurice
 12176 | D:9      | Killed Maurice
 12367 | D:10     | Entered Level 10 of the Dungeon
 12863 | D:10     | Found Mutawee Xidu's Magic Scroll Shop.
 13215 | D:11     | Found a frozen archway.
 13234 | D:11     | Noticed a purple ugly thing
 13242 | IceCv    | Entered an ice cave
 13251 | IceCv    | Reached **** piety under Beogh
 13290 | IceCv    | Noticed a white ugly thing
 13303 | IceCv    | Slain by a white ugly thing

Skill      XL: |  1  2  3  4  5  6  7  8  9 10 11 |
---------------+----------------------------------+-----
Axes           | 3 4 5 7 8 9 11 12 13 | 13.9
Armour         | 4 5 6 7 8 9 |  9.1
Shields        | 4 5 7 8 9 |  9.6
Fighting       | 4 5 6 7 8 9 |  9.7
Maces & Flails | 2 |  2.1
Dodging        | 1 2 3 |  3.1
Stealth        | 1 |  1.1

Action                   |  1- 3 |  4- 6 |  7- 9 | 10-12 || total
-------------------------+-------+-------+-------+-------++-------
Melee: War axe           |   133 |   218 |   490 |   414 ||  1255
       Mace              |       |       |    76 |       ||    76
Invok: Convert to Beogh  |       |       |     1 |       ||     1
  Use: Scroll            |       |     3 |       |     6 ||     9
 Stab: Distracted        |       |       |       |     2 ||     2
  Eat: Chunk             |     2 |     6 |     8 |    10 ||    26
       Fruit             |       |     2 |       |     2 ||     4
       Royal jelly       |       |       |     2 |     2 ||     4
       Bread ration      |       |       |     1 |       ||     1
Armor: Scale mail        |    70 |    57 |       |   163 ||   290
       Plate armour      |       |    83 |   331 |    32 ||   446
       Skin              |       |       |    69 |       ||    69
Dodge: Dodged            |    37 |    51 |   101 |   111 ||   300
Block: Shield            |    81 |   120 |   275 |   237 ||   713
